 Dungeon Crawl Stone Soup version 0.31-a0-879-g1609e0ac53 (webtiles) character file.

Game seed: 5450354988665946511

5027 Armakuni the Frost Mage (level 10, -3/71 HPs)
             Began as a Demigod Artificer on Oct 14, 2023.
             Slain by an ice beast (10 damage)
             ... on level 8 of the Dungeon.
             The game lasted 00:29:43 (9081 turns).

Armakuni the Frost Mage (Demigod Artificer)         Turns: 9081, Time: 00:29:43

Health: -3/71      AC:  7    Str: 13    XL:     10   Next: 9%
Magic:  30/30      EV: 11    Int: 25    God:
Gold:   1917       SH:  0    Dex: 14    Spells: 3/19 levels left

rFire   . . .        a - +0 flail (spect)
rCold   . . .        (no shield)
rNeg    . . .        c - +0 steam dragon scales
rPois   +            o - +0 helmet
rElec   .            e - +0 cloak
rCorr   .            (no gloves)
SInv    .            (no boots)
Will    +....        (no amulet)
Stlth   ++           P - ring of poison resistance
HPRegen 0.31/turn    M - ring of magical power
MPRegen 0.22/turn

%: no passive effects
@: no status effects
A: high MP 1, forlorn, divine attributes
a: no special abilities


You were on level 8 of the Dungeon.
You visited 1 branch of the dungeon, and saw 8 of its levels.
You also visited: Sewer.

You collected 2244 gold pieces.
You spent 327 gold pieces at shops.

Inventory:

Hand Weapons
 a - a +0 spectral flail (weapon)
 v - a +1 broad axe of draining
 G - a +0 trident of venom
Missiles
 y - 4 curare-tipped darts
Armour
 c - +0 steam dragon scales (worn)
 e - a +0 cloak (worn)
 o - a +0 helmet (worn)
Magical Staves
 r - a staff of fire
Jewellery
 F - a ring of protection from fire
 K - a ring of resist corrosion
 M - a ring of magical power (right hand)
 P - a ring of poison resistance (left hand)
Wands
 d - a wand of charming (14)
 D - a wand of flame (24)
Scrolls
 g - a scroll of poison
 h - 2 scrolls of revelation
 i - 2 scrolls of teleportation
 k - 3 scrolls of noise
 B - 3 scrolls of blinking
 E - a scroll of immolation
 H - 2 scrolls of enchant weapon
Potions
 b - 2 potions of cancellation {unknown}
 l - 3 potions of brilliance
 n - 4 potions of lignification {unknown}
 p - 3 potions of attraction
 q - 5 potions of curing
 s - 2 potions of haste {unknown}
 t - 3 potions of might {unknown}
 u - a potion of magic {unknown}
 w - 2 potions of heal wounds {unknown}
 z - 2 potions of degeneration {unknown}
 A - a potion of mutation {unknown}
Miscellaneous
 j - a box of beasts (inert)


   Skills:
 - Level 1.1 Fighting
 - Level 1.7 Armour
 - Level 0.8 Dodging
 - Level 0.8 Stealth
 - Level 5.0 Spellcasting
 + Level 7.9 Conjurations
 - Level 10.0 Ice Magic
 - Level 2.6 Evocations


You had 3 spell levels left.
You knew the following spells:

 Your Spells              Type           Power      Damage    Failure   Level
a - Freeze                Ice            100%       1d10      1%          1
b - Blink                 Tloc           12%        N/A       12%         2
h - Hailstorm             Conj/Ice       50%        3d11      1%          3
j - Freezing Cloud        Conj/Ice/Air   18%        6-21      21%         5
r - Frozen Ramparts       Ice            100%       1d16      1%          3
z - Searing Ray           Conj           90%        2d7       1%          2

Your spell library contained the following spells:

 Spells                   Type           Power      Damage    Failure   Level
 Magic Dart               Conj           100%       1d8       1%          1
 Poisonous Vapours        Pois/Air       12%        N/A       12%         2
 Fulminant Prism          Conj/Hex       13%        3d9       16%         4
 Airstrike                Air            3%         2d(1-17)  63%         4
 Summon Forest            Summ/Tloc      3%         N/A       92%         5


Dungeon Overview and Level Annotations

Branches:
Dungeon (8/15)             Temple (0/1) D:7            Lair (0/5) D:8
  Sewer (visited)

Shops:
D:4 *


Innate Abilities, Weirdness & Mutations

You have an increased reservoir of magic. (+10% MP)
You shall have no god before yourself.
Your divine heritage dramatically boosts your attributes as you level up.


Message History

You closely miss the ice beast.
The ice beast is moderately wounded.
Your +0 spectral flail closely misses the ice beast.
The ice beast misses you. The ice beast closely misses you.
The ice beast barely misses you. The ice beast hits you.
The ice beast freezes you!
Your +0 spectral flail disappears.
The ice beast attacks as it pursues you!
The ice beast hits you. The ice beast freezes you!
* * * LOW HITPOINT WARNING * * *
You open the lid... ...and a larval oxsting beast leaps out!
The box is emptied!
Unknown command.
Your larval oxsting beast stings the ice beast from afar.
Your larval oxsting beast hits the ice beast!
Your larval oxsting beast barely misses the ice beast.
Your larval oxsting beast closely misses the ice beast.
You closely miss the ice beast.
The ice beast is severely wounded.
Your +0 spectral flail closely misses the ice beast.
The ice beast barely misses you.
Your larval oxsting beast hits the ice beast!
The ice beast dies!
Your larval oxsting beast hits the ice beast!
Your larval oxsting beast tramples the ice beast but does no damage.
Your larval oxsting beast barely misses the ice beast.
The ice beast attacks as it pursues you!
The ice beast hits you.
* * * LOW HITPOINT WARNING * * *
The ice beast freezes you!
* * * LOW HITPOINT WARNING * * *
You hit the ice beast but do no damage.
The ice beast is moderately wounded.
Your +0 spectral flail hits the ice beast but does no damage.
Your larval oxsting beast stings the ice beast but does no damage.
The ice beast hits you.
* * * LOW HITPOINT WARNING * * *
The ice beast freezes you!
You die...

####.####.....#... ....#
#.....<~.....##..## ......
#.........~.###...###....
#............#.....#..#..#..
#......~........>.......... #
#.........#..#..H..#........#
#.........#.###(..##.....#.
##.###>#.....###Y###.....~####
...#...#.......@(.......##...#
......#..................##...#
#######.#.#....~..............#
#### #.##.#.........(.......##
....###.#####.........#..#####
#..#..# ##..........#####
##.รท.## ###.~..#........#
###...######...#####.......#
#...#........### ##......#


You could see an ice beast (ally target), a friendly larval oxsting beast
(summoned) and a friendly +0 spectral flail.

Vanquished Creatures
  A manticore (D:8)
  Joseph (D:7)
  Maggie (D:7)
  Grinder (D:5)
  A steam dragon (D:8)
  Edmund (D:4)
  2 water moccasins
  Duvessa (D:4)
  An orc warrior (D:8)
  2 ice beasts (D:8)
  A black bear (D:7)
  A sky beast (D:7)
  2 ogres
  A wolf (D:8)
  2 phantoms
  A kobold brigand (D:7)
  A scorpion (D:6)
  2 bullfrogs (D:6)
  3 necrophages (D:5)
  A wight (D:7)
  Dowan (D:4)
  4 howler monkeys
  2 bullfrog zombies (D:5)
  A jelly (Sewer)
  A centaur zombie (D:5)
  6 hounds
  Crazy Yiuf (D:3)
  2 orc priests
  Ijyb (D:5)
  A gnoll bouda (D:4)
  An iguana (D:5)
  2 orc wizards
  A sleepcap (D:7)
  4 mutant beasts (D:7)
  Robin (D:2)
  10 gnolls
  9 adders
  A river rat (Sewer)
  2 shadow imps (D:7)
  2 white imps
  6 worms
  3 dart slugs
  21 orcs
  15 endoplasms
  13 giant cockroaches
  16 goblins
  6 hobgoblins
  6 jackals
  6 quokkas
  7 ball pythons
  9 bats
  11 frilled lizards
  13 kobolds
  9 rats
221 creatures vanquished.

Vanquished Creatures (collateral kills)
  An ice beast (D:8)
1 creature vanquished.

Vanquished Creatures (others)
  A rime drake (D:8)
  An orc (D:8)
2 creatures vanquished.

Grand Total: 224 creatures vanquished

Notes
Turn   | Place    | Note
-------+----------+-------------------------------------------
     0 | D:1      | Armakuni the Demigod Artificer began the quest for the Orb.
     0 | D:1      | Reached XP level 1. HP: 15/15 MP: 3/3
    31 | D:1      | Reached skill level 1 in Fighting
   257 | D:1      | Reached skill level 1 in Spellcasting
   259 | D:1      | Learned a level 1 spell: Freeze
   477 | D:1      | Reached XP level 2. HP: 23/23 MP: 3/5
   707 | D:1      | Reached skill level 1 in Ice Magic
  1294 | D:2      | Reached skill level 2 in Ice Magic
  1311 | D:2      | Reached XP level 3. HP: 28/28 MP: 6/6
  1401 | D:2      | Learned a level 3 spell: Frozen Ramparts
  1532 | D:2      | Noticed Robin
  1546 | D:2      | Killed Robin
  1629 | D:2      | Reached skill level 3 in Ice Magic
  1779 | D:2      | Reached XP level 4. HP: 22/35 MP: 6/8
  2260 | D:2      | Reached skill level 4 in Ice Magic
  2358 | D:3      | Reached XP level 5. HP: 36/40 MP: 5/9
  2366 | D:3      | Found a glowing drain.
  2375 | Sewer    | Entered a sewer
  3061 | D:3      | Reached skill level 5 in Ice Magic
  3117 | D:3      | Reached XP level 6. HP: 40/47 MP: 6/10
  3526 | D:3      | Identified 3 scrolls of acquirement
  3528 | D:3      | Acquired 942 gold pieces
  3530 | D:3      | Acquired 891 gold pieces
  3532 | D:3      | Acquired Sif Muna's Lectures on the Nimbus and the
                  | Singularity
  3744 | D:3      | Found a runed translucent door.
  3745 | D:3      | Noticed Crazy Yiuf
  3752 | D:3      | Killed Crazy Yiuf
  3986 | D:4      | Noticed Edmund
  4504 | D:4      | Killed Edmund
  4505 | D:4      | Reached skill level 6 in Ice Magic
  4505 | D:4      | Reached XP level 7. HP: 41/52 MP: 14/14
  4511 | D:4      | Learned a level 5 spell: Freezing Cloud
  4515 | D:4      | Learned a level 3 spell: Hailstorm
  4588 | D:4      | Found Rukheok's Serpentskin Sales.
  4597 | D:4      | Bought a ring of poison resistance for 220 gold pieces
  4597 | D:4      | Bought a +0 trident of venom for 68 gold pieces
  4597 | D:4      | Bought 3 curare-tipped darts for 39 gold pieces
  4954 | D:4      | Reached skill level 7 in Ice Magic
  5107 | D:4      | Noticed Duvessa
  5107 | D:4      | Noticed Dowan
  5113 | D:4      | Killed Dowan
  5114 | D:4      | Killed Duvessa
  5242 | D:5      | Entered Level 5 of the Dungeon
  5350 | D:5      | Reached skill level 8 in Ice Magic
  5500 | D:5      | Reached XP level 8. HP: 37/59 MP: 15/15
  5857 | D:5      | Noticed Ijyb
  5871 | D:5      | Killed Ijyb
  5977 | D:5      | Noticed Grinder
  5982 | D:5      | Paralysed by Grinder for 2 turns
  5987 | D:5      | Killed Grinder
  5988 | D:5      | Reached skill level 9 in Ice Magic
  6742 | D:6      | Reached skill level 10 in Ice Magic
  7418 | D:7      | Noticed Joseph
  7427 | D:7      | Killed Joseph
  7428 | D:7      | Reached skill level 5 in Spellcasting
  7428 | D:7      | Reached XP level 9. HP: 54/64 MP: 18/20
  7485 | D:7      | Found a staircase to the Ecumenical Temple.
  7507 | D:7      | Learned a level 2 spell: Searing Ray
  7510 | D:7      | Learned a level 2 spell: Blink
  7538 | D:7      | Identified the +9 shortbow "Dilimuig" {flame, rC- rCorr
                  | Str+6 Int+3}
  7543 | D:7      | Noticed a juvenile shockbat beast
  7742 | D:7      | Killed a juvenile shockbat beast
  8029 | D:7      | Reached skill level 5 in Conjurations
  8517 | D:7      | Noticed Maggie
  8526 | D:7      | Killed Maggie
  8628 | D:8      | Noticed a rime drake
  8664 | D:8      | Noticed a manticore
  8671 | D:8      | Killed a manticore
  8813 | D:8      | Reached XP level 10. HP: 71/71 MP: 17/21
  9062 | D:8      | Found a staircase to the Lair.
  9081 | D:8      | Slain by an ice beast

Illustrated notes

Levels and vault maps discovered:
D:1:      psy_arrival_statuary, layout_basic, minmay_pentomino_x2
D:2:      layout_rooms, hangedman_feature_mirror,
          nicolae_concentric_dashed_squares_wild, nicolae_wormholes, uniq_robin
D:3:      wad_river_or_something, layout_rooms, mainiacjoe_overflow_alcove_4,
          portal_sewer_entry_f, uniq_crazy_yiuf_cottage
D:4:      layout_gridville, mainiacjoe_overflow_24_doors,
          grunt_temple_overflow_octagram, guppyfry_shop_venom, uniq_edmund,
          uniq_duvessa
D:5:      layout_loops_ring, fedhas_altar_decomposition, uniq_ijyb, uniq_grinder
D:6:      layout_gridville
D:7:      layout_gridville, temple_statues, nicolae_beast_mode, uniq_maggie,
          uniq_joseph
D:8:      layout_rooms, beargit_hepliaklqana_dungeon_heroes,
          hellmonk_lair_entry_icy, serial_rivers, chequers_serial_rivers_marsh,
          chequers_serial_rivers_room_b, chequers_serial_rivers_small_b,
          chequers_serial_rivers_marsh, minmay_strange_pillars

Skill      XL: |  1  2  3  4  5  6  7  8  9 |
---------------+----------------------------+-----
Fighting       | 1 |  1.1
Spellcasting   | 1 3 5 |  5.0
Ice Magic      | 2 3 4 5 6 8 10 | 10.0
Conjurations   | 7 |  7.9
Armour         | |  1.7
Dodging        | |  0.8
Stealth        | |  0.8
Evocations     | |  2.6

Action                     |  1- 3 |  4- 6 |  7- 9 | 10-12 || total
---------------------------+-------+-------+-------+-------++-------
  Melee: Club              |    11 |       |       |       ||    11
         Dagger            |    82 |    95 |       |       ||   177
         Punch             |     1 |     2 |     2 |     1 ||     6
         Flail             |       |    59 |   142 |    13 ||   214
         Trident           |       |       |    21 |       ||    21
   Cast: Freeze            |    41 |    46 |    10 |       ||    97
         Frozen Ramparts   |       |    16 |    43 |     2 ||    61
         Hailstorm         |       |       |     2 |       ||     2
         Searing Ray       |       |       |     9 |       ||     9
  Evoke: Wand              |     8 |    11 |    19 |       ||    38
         Box of beasts     |       |       |     1 |     1 ||     2
    Use: Scroll            |       |    13 |     7 |     1 ||    21
         Potion            |       |       |     4 |       ||     4
   Stab: Sleeping          |     3 |       |     1 |       ||     4
 Armour: Ring mail         |    14 |       |       |       ||    14
         Robe              |    55 |   132 |    18 |       ||   205
         Leather armour    |       |       |   113 |       ||   113
         Steam dragon scal |       |       |    12 |    20 ||    32
  Dodge: Dodged            |    80 |   120 |   115 |    14 ||   329

Table legend: (Time is in decaauts)
 A = Elapsed time spent in this place.
 B = Non-inter-level travel time spent in this place.
 C = Inter-level travel time spent in this place.
 D = Time resting spent in this place.
 E = Time spent auto-exploring this place.
 F = Levels seen in this place.
 G = Mean time per level.
                   A        B        C        D        E       F      G
               +--------+--------+--------+--------+--------+-----+--------+
         Total |   9203 |   8933 |    270 |   1743 |   4782 |   9 | 1022.6 |
       Dungeon |   8738 |   8468 |    270 |   1623 |   4644 |   8 | 1092.2 |
         Sewer |    465 |    465 |      0 |    120 |    137 |   1 |  465.0 |
               +--------+--------+--------+--------+--------+-----+--------+

Top non-repeatable levels by time:
     D:5: 1455 daAuts
     D:3: 1338 daAuts
     D:4: 1262 daAuts
     D:7: 1258 daAuts
     D:1: 1186 daAuts
     D:2: 1055 daAuts
     D:6: 763 daAuts
   Sewer: 465 daAuts
     D:8: 418 daAuts
